 Dungeon Crawl Stone Soup version 0.18-b1-18-g7758cf2 (webtiles) character file.

9353 HaroldButt the Impaler (level 11, -11/83 HPs)
             Began as a Merfolk Gladiator on May 2, 2016.
             Was a High Priest of Okawaru.
             Mangled by a phantasmal warrior (13 damage)
             ... led by a death knight
             ... on level 11 of the Dungeon.
             The game lasted 01:47:11 (8988 turns).

HaroldButt the Impaler (Merfolk Gladiator)          Turns: 8988, Time: 01:47:11

Health: -11/83     AC: 18    Str: 18    XL:     11   Next: 45%
Magic:  11/11      EV: 16    Int:  8    God:    Okawaru [*****.]
Gold:   632        SH:  0    Dex: 15    Spells: 0 memorised, 10 levels left

rFire  . . .     SeeInvis .     A - +2 glaive (venom)
rCold  + + .     Gourm    .     n - +5 ring mail "Puniut" {MR+}
rNeg   . . .     Faith    .     (shield currently unavailable)
rPois  .         Spirit   .     c - +2 helmet
rElec  .         Dismiss  .     C - +2 cloak
rCorr  .         Reflect  .     (no gloves)
SustAt .         Harm     .     (no boots)
MR     +....                    r - amulet of regeneration
Stlth  +.........               (no ring)
                                z - ring of protection from cold

@: about to teleport, very slightly contaminated, hasted and slowed, somewhat
resistant to hostile enchantments, very unstealthy
A: change form in water, swift swim, icy blue scales 1, cold resistance 1,
sturdy frame 1
a: Heroism, Finesse, Renounce Religion


You were on level 11 of the Dungeon.
You worshipped Okawaru.
Okawaru was extremely pleased with you.
You were not hungry.

You visited 2 branches of the dungeon, and saw 12 of its levels.
You also visited: Sewer.

You collected 794 gold pieces.
You spent 162 gold pieces at shops.

Inventory:

Hand Weapons
 a - a +0 blowgun
 A - a +2 glaive of venom (weapon)
 G - a +3 halberd
Missiles
 d - 3 throwing nets (quivered)
 j - 5 poisoned needles
Armour
 c - a +2 helmet (worn)
 n - the +5 ring mail "Puniut" (worn) {MR+}
   (You found it on level 5 of the Dungeon)

   It affects your resistance to hostile enchantments.
 C - a +2 cloak (worn)
 L - the +2 animal skin "Geufaob" {+Inv MR+ rCorr Slay+3}
   (You took it off an orc on level 9 of the Dungeon)

   It affects your accuracy and damage with ranged weapons and melee attacks
   (+3).
   It affects your resistance to hostile enchantments.
   It lets you turn invisible.
   It protects you from acid and corrosion.
Rods
 I - a +0 lightning rod (14/14)
   (You found it on level 9 of the Dungeon)
Jewellery
 l - an uncursed ring of fire
 p - an uncursed amulet of rage
 r - an amulet of regeneration (around neck)
 z - a ring of protection from cold (left hand)
Wands
 s - a wand of lightning (6/15)
 u - a wand of random effects (32/48)
 w - a wand of digging (24/24)
 B - a wand of flame (32/48)
 D - a wand of confusion (24/48)
 J - a wand of flame (22/48)
Scrolls
 g - 9 scrolls of remove curse
 i - a scroll of teleportation
 k - 3 scrolls of identify
 m - a scroll of immolation
 y - 2 scrolls of recharging
 H - a scroll of amnesia
 M - a scroll of magic mapping
 N - a scroll of enchant armour
Potions
 b - a potion of resistance
 e - 2 potions of flight
 v - 2 potions of might
 E - a potion of cure mutation
 F - a potion of haste
Comestibles
 f - 11 bread rations
 h - 32 fruits
 o - 5 meat rations
 q - a royal jelly
 t - 7 beef jerkies
 K - 2 slices of pizza
 O - 3 chunks of flesh


   Skills:
 - Level 6.8 Fighting
 + Level 19.3 Polearms
 - Level 2.0 Throwing
 - Level 4.0 Armour
 - Level 8.0 Dodging


You had 10 spell levels left.
You didn't know any spells.

Dungeon Overview and Level Annotations

Branches:
Dungeon (11/15)            Temple (1/1) D:4             Orc (0/2) D:9
   Lair: D:8-11

Altars:
Ashenzari
Cheibriados
Dithmenos
Elyvilon
Fedhas
Gozag
Kikubaaqudgha
Makhleb
Nemelex Xobeh
Okawaru
Pakellas
Qazlal
Ru
Sif Muna
Trog
Vehumet
Xom
Yredelemnul
Zin
The Shining One

Shops:
D:6 *   D:9 (


Innate Abilities, Weirdness & Mutations

You revert to your normal form in water.
You are very nimble and swift while swimming.
You are partially covered in icy blue scales (AC +1).
Your flesh is cold resistant.
Your movements are slightly less encumbered by armour (ER -2).


Message History

* * * LOW HITPOINT WARNING * * *
The wraith drains your vigour!
You feel yourself slow down.
You slash the phantasmal warrior!
The phantasmal warrior is heavily damaged.
The phantasmal warrior completely misses you.
The wraith closely misses you.
You closely miss the phantasmal warrior.
The phantasmal warrior is heavily damaged.
The phantasmal warrior hits you.
* * * LOW HITPOINT WARNING * * *
You barely miss the phantasmal warrior.
The phantasmal warrior is heavily damaged.
The wraith hits you.
* * * LOW HITPOINT WARNING * * *
The wraith drains your vigour!
You feel as though you will be slow longer.
You hit the phantasmal warrior.
The phantasmal warrior is heavily damaged.
The phantasmal warrior hits you!
You die...

..>.........# #.# #.
............# #.# #.
............# #.# #..# #.
............# #.# #..# #.
............# #.# #..# #.
............# #.# #..# #.
............# #.# #..# #.
............# #W# #..# #.
............# #@# #..# #.
............####W#######..######.
...........W....................
...............[...............
##############################


You could see a phantasmal warrior and a wraith.

Vanquished Creatures
  A death knight (D:11)
  A two-headed ogre (D:10)
  Grinder (D:3)
  Sigmund (D:6)
  A wraith (D:10)
  5 yaks (D:10)
  2 hippogriffs
  A hungry ghost (D:7)
  A swamp drake (D:9)
  3 ice beasts
  A sky beast (D:8)
  6 orc warriors
  A wasp (D:10)
  12 ogres
  6 centaurs
  12 big kobolds
  5 giant frogs
  A gnoll sergeant (D:7)
  A wyvern zombie (D:11)
  3 scorpions
  A wyvern skeleton (D:10)
  4 wights (D:8)
  9 howler monkeys
  5 crimson imps
  2 centaur zombies
  4 hounds
  2 jellies
  6 orc priests
  16 orc wizards
  2 giant frog skeletons
  Ijyb (D:3)
  2 iguanas
  Natasha (thrice) (D:3)
  6 worker ants
  2 hound skeletons
  2 worker ant zombies
  Robin (D:2)
  21 adders
  10 gnolls
  2 river rats
  3 shadow imps
  An ooze (D:2)
  2 worms
  2 dart slugs
  4 giant geckos
  62 orcs
  6 giant cockroaches
  22 goblins
  11 hobgoblins
  6 jackals
  28 kobolds
  5 quokkas
  7 ball pythons
  10 bats
  A giant gecko zombie (D:5)
  4 giant newts
  A quokka zombie (D:8)
  14 rats
355 creatures vanquished.

Notes
Turn   | Place    | Note
--------------------------------------------------------------
     0 | D:1      | HaroldButt the Merfolk Gladiator began the quest for the Orb.
     0 | D:1      | Reached XP level 1. HP: 16/16 MP: 1/1
   172 | D:1      | Reached skill level 5 in Polearms
   174 | D:1      | Reached XP level 2. HP: 22/22 MP: 2/2
   660 | D:2      | Noticed Robin
   664 | D:2      | Reached XP level 3. HP: 27/27 MP: 3/3
   666 | D:2      | Reached skill level 6 in Polearms
   678 | D:2      | Killed Robin
   846 | D:2      | Reached skill level 7 in Polearms
   846 | D:2      | Reached XP level 4. HP: 26/33 MP: 4/4
  1048 | D:2      | Reached skill level 8 in Polearms
  1067 | D:2      | Reached XP level 5. HP: 36/38 MP: 5/5
  1206 | D:2      | Reached skill level 9 in Polearms
  1502 | D:3      | Found a sparkling altar of Nemelex Xobeh.
  1553 | D:3      | Noticed Natasha
  1565 | D:3      | Killed Natasha
  1565 | D:3      | Reached XP level 6. HP: 27/44 MP: 6/6
  1690 | D:3      | Reached skill level 10 in Polearms
  1814 | D:3      | Found a glowing drain.
  1824 | Sewer    | Entered a sewer
  1900 | Sewer    | Found a white marble altar of Elyvilon.
  2045 | D:3      | Reached XP level 7. HP: 44/50 MP: 7/7
  2060 | D:3      | Reached skill level 11 in Polearms
  2082 | D:3      | Noticed Natasha
  2098 | D:3      | Killed Natasha
  2108 | D:3      | Noticed Ijyb
  2114 | D:3      | Killed Ijyb
  2142 | D:3      | Noticed Grinder
  2160 | D:3      | Killed Grinder
  2160 | D:3      | Reached skill level 12 in Polearms
  2344 | D:3      | Noticed Natasha
  2351 | D:3      | Killed Natasha
  2509 | D:4      | Found a staircase to the Ecumenical Temple.
  2520 | Temple   | Entered the Ecumenical Temple
  2613 | Temple   | Became a worshipper of Warmaster Okawaru
  2980 | D:4      | Reached skill level 1 in Armour
  2980 | D:4      | Reached XP level 8. HP: 56/56 MP: 8/8
  3131 | D:4      | Reached skill level 5 in Dodging
  3262 | D:5      | Entered Level 5 of the Dungeon
  3339 | D:5      | Reached * piety under Okawaru
  3955 | D:5      | Got a pitted ring mail
  3966 | D:5      | Identified the +5 ring mail "Puniut" {MR+} (You found it on level 5 of the Dungeon)
  4030 | D:5      | Reached ** piety under Okawaru
  4030 | D:5      | Reached XP level 9. HP: 40/61 MP: 9/9
  4624 | D:6      | Found Ynoej's Elemental Accessories.
  5108 | D:6      | Noticed Sigmund
  5125 | D:6      | Killed Sigmund
  5125 | D:6      | Reached skill level 13 in Polearms
  5401 | D:7      | Reached skill level 14 in Polearms
  5633 | D:7      | Reached *** piety under Okawaru
  5792 | D:7      | Reached skill level 15 in Polearms
  6114 | D:7      | Gained mutation: You are partially covered in icy blue scales (AC +1). [potion of mutation]
  6114 | D:7      | Gained mutation: Your flesh is cold resistant. [potion of mutation]
  6114 | D:7      | Gained mutation: Your movements are slightly less encumbered by armour (ER -2). [potion of mutation]
  6257 | D:8      | Found a burning altar of Makhleb.
  6279 | D:8      | Reached XP level 10. HP: 46/67 MP: 10/10
  6352 | D:8      | Reached skill level 16 in Polearms
  6432 | D:8      | Received a gift from Okawaru
  6553 | D:8      | Reached skill level 5 in Fighting
  6752 | D:8      | Reached **** piety under Okawaru
  6819 | D:8      | Found a blossoming altar of Fedhas.
  7079 | D:9      | Found Feenup's Antique Weapon Shoppe.
  7090 | D:9      | Bought a runed glaive for 162 gold pieces
  7441 | D:9      | Reached skill level 17 in Polearms
  7449 | D:9      | Found a staircase to the Orcish Mines.
  7516 | D:9      | Got a scorched animal skin
  7534 | D:9      | Identified the +2 animal skin "Geufaob" {+Inv MR+ rCorr Slay+3} (You took it off an orc on level 9 of the Dungeon)
  7948 | D:10     | Entered Level 10 of the Dungeon
  7970 | D:10     | Reached XP level 11. HP: 71/83 MP: 11/11
  8050 | D:10     | Reached ***** piety under Okawaru
  8053 | D:10     | Reached skill level 18 in Polearms
  8751 | D:11     | Received a gift from Okawaru
  8804 | D:11     | Reached skill level 19 in Polearms
  8939 | D:11     | Noticed a death knight
  8941 | D:11     | Noticed a phantasmal warrior
  8978 | D:11     | Killed a death knight
  8987 | D:11     | HP: 1/83 [wraith[a death knight] (4)]
  8988 | D:11     | Mangled by a phantasmal warrior

Skill      XL: |  1  2  3  4  5  6  7  8  9 10 11 |
---------------+----------------------------------+-----
Polearms       | 5 7 8 9 10 12 15 17 19 | 19.3
Armour         | 1 3 4 |  4.0
Dodging        | 7 8 |  8.0
Fighting       | 6 |  6.8
Throwing       | |  2.0

Action                   |  1- 3 |  4- 6 |  7- 9 | 10-12 || total
-------------------------+-------+-------+-------+-------++-------
Melee: Spear             |    70 |   221 |   118 |       ||   409
       Trident           |     6 |       |       |       ||     6
       Halberd           |       |       |   322 |   152 ||   474
       Glaive            |       |       |       |   282 ||   282
  Use: Scroll            |       |    10 |    12 |     3 ||    25
       Potion            |       |       |     6 |     3 ||     9
 Stab: Sleeping          |     2 |     8 |     1 |       ||    11
  Eat: Chunk             |       |     4 |    13 |     9 ||    26
       Pizza             |       |       |     1 |       ||     1
Armor: Leather armour    |     6 |       |       |       ||     6
       Animal skin       |     2 |    15 |    29 |       ||    46
       Ring mail         |       |       |    71 |    78 ||   149
       Skin              |       |       |     5 |       ||     5
Dodge: Dodged            |    27 |    78 |   198 |   181 ||   484
